PCL
HOUSTON HAMMERTIME @ CALGARY COWBOYS
05/15/2026
 
TOP OF THE 1ST
Houston Hammertime batting - Pitching for Calgary Cowboys : LHP Jim Sheppard
Pitching: LHP Jim Sheppard
Batting: RHB Santo Cruz 0-0: Ball
1-0: Called Strike
1-1: Called Strike
1-2: Ball
2-2: Fly out, F8 (Flyball, 8RXD)
Batting: RHB Pepe González 0-0: Ball
1-0: Ball
2-0: Ball
3-0: Called Strike
3-1: Base on Balls
Batting: LHB Pat Jones 0-0: Ball
1-0: Ball
2-0: Ball
3-0: Base on Balls
Pepe González to second
Batting: RHB Mario Beltrán 0-0: Called Strike
0-1: Grounds into double play, 6-4-3 (Groundball, 6)
Top of the 1st over - 0 run(s), 0 hit(s), 0 error(s), 1 left on base; Houston 0 - Calgary 0
BOTTOM OF THE 1ST
Calgary Cowboys batting - Pitching for Houston Hammertime : LHP Millard Curtis
Pitching: LHP Millard Curtis
Batting: RHB Clark Hodge 0-0: Called Strike
0-1: Ball
1-1: Swinging Strike
1-2: Ball
2-2: Strikes out swinging
Batting: RHB Dan Wyatt 0-0: Swinging Strike
0-1: Ground out 5-3 (Groundball, 5)
Batting: LHB Terry Maloney 0-0: Hit by Pitch
Batting: LHB Miguel Pérez 0-0: Reached on error, E6 (Groundball, 6)
Terry Maloney to third
Batting: RHB Ramón Martínez 0-0: Ball
1-0: Called Strike
1-1: SINGLE (Line Drive, 5D)
Terry Maloney scores
Miguel Pérez to third
Batting: RHB Shayne Burry 0-0: Called Strike
0-1: Called Strike
0-2: Fielders Choice at 2nd, 5-4 (Groundball, 5)
Bottom of the 1st over - 1 run(s), 1 hit(s), 1 error(s), 1 left on base; Houston 0 - Calgary 1
TOP OF THE 2ND
Houston Hammertime batting - Pitching for Calgary Cowboys : LHP Jim Sheppard
Batting: RHB Moo-hyun Pak 0-0: Foul Ball, location: 2F
0-1: Ball
1-1: Ball
2-1: Ground out 4-3 (Groundball, 4)
Batting: LHB Bartolo Villanueva 0-0: Ground out U3 (Groundball, 3S)
Batting: LHB José Villegas 0-0: Called Strike
0-1: Ball
1-1: SINGLE (Line Drive, 4D)
Batting: RHB Arturo Rodríguez 0-0: Ball
1-0: Foul Ball, location: 2F
1-1: Ball
2-1: SINGLE (Groundball, 6MD)
José Villegas to second
Batting: LHB Fernando Camacho 0-0: Ball
1-0: Ground out 4-3 (Groundball, 4)
Top of the 2nd over - 0 run(s), 2 hit(s), 0 error(s), 2 left on base; Houston 0 - Calgary 1
BOTTOM OF THE 2ND
Calgary Cowboys batting - Pitching for Houston Hammertime : LHP Millard Curtis
Batting: LHB Freddy Herrera 0-0: Called Strike
0-1: Ball
1-1: Reached on Error, E8 (Flyball, 8RM)
Batting: RHB Luis Peña 0-0: Ball
1-0: Called Strike
1-1: Called Strike
1-2: Ball
2-2: Fly out, F7 (Line Drive, 78M)
Batting: RHB Tom Yarbrough 0-0: Foul Ball, location: 2F
0-1: Fly out, F8 (Flyball, 8LM)
Batting: RHB Clark Hodge 0-0: Called Strike
0-1: Called Strike
0-2: Strikes out swinging
Bottom of the 2nd over - 0 run(s), 0 hit(s), 1 error(s), 1 left on base; Houston 0 - Calgary 1
TOP OF THE 3RD
Houston Hammertime batting - Pitching for Calgary Cowboys : LHP Jim Sheppard
Batting: RHB Santo Cruz 0-0: Ground out 6-3 (Groundball, 6)
Batting: RHB Pepe González 0-0: Called Strike
0-1: Foul Ball, location: 2F
0-2: Ball
1-2: SINGLE (Line Drive, 56D)
Batting: LHB Pat Jones 0-0: Foul Ball, location: 2F
0-1: Ball
1-1: Ball
2-1: SINGLE (Line Drive, 5D)
Pepe González to second
Batting: RHB Mario Beltrán 0-0: Ball
1-0: Ball
2-0: Ball
3-0: Called Strike
3-1: DOUBLE (Line Drive, 7LD)
Pepe González scores
Pat Jones to third
Batting: RHB Moo-hyun Pak 0-0: Ball
1-0: Called Strike
1-1: Called Strike
1-2: Ball
2-2: Foul Ball, location: 2F
2-2: Ball
3-2: DOUBLE (Flyball, 7LM)
Pat Jones scores
Mario Beltrán scores
Batting: LHB Bartolo Villanueva 0-0: Ball
1-0: Ground out 3-1 (Groundball, 34)
Moo-hyun Pak to third
Batting: LHB José Villegas 0-0: Foul Ball, location: 2F
0-1: Ball
1-1: Fly out, F9 (Flyball, 89M)
Top of the 3rd over - 3 run(s), 4 hit(s), 0 error(s), 1 left on base; Houston 3 - Calgary 1
BOTTOM OF THE 3RD
Calgary Cowboys batting - Pitching for Houston Hammertime : LHP Millard Curtis
Batting: RHB Dan Wyatt 0-0: Swinging Strike
0-1: Ball
1-1: SINGLE (Groundball, 4M)
Batting: LHB Terry Maloney 0-0: Ball
1-0: Foul Ball, location: 2F
1-1: Foul Ball, location: 2F
1-2: Strikes out looking
Batting: LHB Miguel Pérez 0-0: Called Strike
0-1: Grounds into double play, U3-6 (Groundball, 3L)
Bottom of the 3rd over - 0 run(s), 1 hit(s), 0 error(s), 0 left on base; Houston 3 - Calgary 1
TOP OF THE 4TH
Houston Hammertime batting - Pitching for Calgary Cowboys : LHP Jim Sheppard
Batting: RHB Arturo Rodríguez 0-0: Ball
1-0: Swinging Strike
1-1: Swinging Strike
1-2: Ball
2-2: Strikes out swinging
Batting: LHB Fernando Camacho 0-0: Called Strike
0-1: Ball
1-1: Foul Ball, location: 2F
1-2: Ball
2-2: SINGLE (Groundball, 34D)
Batting: RHB Santo Cruz 0-0: Called Strike
0-1: Foul Ball, location: 2F
0-2: Foul Ball, location: 2F
0-2: Fly out, F8 (Flyball, 8LS)
Batting: RHB Pepe González 0-0: Foul Ball, location: 2F
0-1: Foul Ball, location: 2F
0-2: Fly out, F2 (Popup, 2RF)
Top of the 4th over - 0 run(s), 1 hit(s), 0 error(s), 1 left on base; Houston 3 - Calgary 1
BOTTOM OF THE 4TH
Calgary Cowboys batting - Pitching for Houston Hammertime : LHP Millard Curtis
Batting: RHB Ramón Martínez 0-0: Ball
1-0: Called Strike
1-1: Called Strike
1-2: Ball
2-2: Fly out, F7 (Flyball, 7LM)
Batting: RHB Shayne Burry 0-0: DOUBLE (Groundball, 5L)
Batting: LHB Freddy Herrera 0-0: Ground out 5-3 (Groundball, 5S)
Shayne Burry to third
Batting: RHB Luis Peña 0-0: Fly out, F7 (Flyball, 7S)
Bottom of the 4th over - 0 run(s), 1 hit(s), 0 error(s), 1 left on base; Houston 3 - Calgary 1
TOP OF THE 5TH
Houston Hammertime batting - Pitching for Calgary Cowboys : LHP Jim Sheppard
Batting: LHB Pat Jones 0-0: Ball
1-0: Foul Ball, location: 2F
1-1: Called Strike
1-2: Ball
2-2: Ball
3-2: Fly out, F8 (Flyball, 8LM)
Batting: RHB Mario Beltrán 0-0: Ball
1-0: Foul Ball, location: 2F
1-1: Foul Ball, location: 2F
1-2: Strikes out swinging
Batting: RHB Moo-hyun Pak 0-0: Ball
1-0: Swinging Strike
1-1: SINGLE (Groundball, 6)
Pitching: LHP Takayuki Ine
Batting: LHB Bartolo Villanueva 0-0: Ball
1-0: Ball
2-0: Ball
3-0: Called Strike
3-1: Ground out 3-1 (Groundball, 34S)
Top of the 5th over - 0 run(s), 1 hit(s), 0 error(s), 1 left on base; Houston 3 - Calgary 1
BOTTOM OF THE 5TH
Calgary Cowboys batting - Pitching for Houston Hammertime : LHP Millard Curtis
Batting: RHB Tom Yarbrough 0-0: Ball
1-0: SINGLE (Groundball, 56D)
Batting: RHB Clark Hodge 0-0: Called Strike
0-1: Fly out, F8 (Flyball, 8RXD)
Batting: RHB Dan Wyatt 0-0: Called Strike
0-1: Ball
1-1: Swinging Strike
1-2: Strikes out swinging
Batting: LHB Terry Maloney 0-0: Swinging Strike
0-1: Ball
1-1: Foul Ball, location: 2F
1-2: Ball
2-2: Foul Ball, location: 2F
2-2: Foul Ball, location: 2F
2-2: Strikes out swinging
Bottom of the 5th over - 0 run(s), 1 hit(s), 0 error(s), 1 left on base; Houston 3 - Calgary 1
TOP OF THE 6TH
Houston Hammertime batting - Pitching for Calgary Cowboys : LHP Takayuki Ine
Batting: LHB José Villegas 0-0: Ball
1-0: Ball
2-0: Ball
3-0: Foul Ball, location: 2F
3-1: Called Strike
3-2: Base on Balls
Batting: RHB Arturo Rodríguez 0-0: Ball
1-0: Foul Ball, location: 2F
1-1: Ball
2-1: Ball
3-1: Fly out, F8 (Flyball, 8LXD)
Batting: LHB Fernando Camacho 0-0: Ball
1-0: Ball
2-0: Called Strike
2-1: Swinging Strike
2-2: Foul Ball, location: 2F
2-2: Ball
3-2: Foul Ball, location: 2F
3-2: Foul Ball, location: 2F
3-2: Hit by Pitch
José Villegas to second
Batting: RHB Santo Cruz 0-0: Grounds into double play, U6-3 (Groundball, 6)
Top of the 6th over - 0 run(s), 0 hit(s), 0 error(s), 1 left on base; Houston 3 - Calgary 1
BOTTOM OF THE 6TH
Calgary Cowboys batting - Pitching for Houston Hammertime : LHP Millard Curtis
Batting: LHB Miguel Pérez 0-0: Ball
1-0: Ground out 5-3 (Groundball, 56)
Batting: RHB Ramón Martínez 0-0: Ball
1-0: Ground out 1-3 (Groundball, 13)
Batting: RHB Shayne Burry 0-0: Swinging Strike
0-1: Ball
1-1: Swinging Strike
1-2: Ball
2-2: Foul Ball, location: 2F
2-2: Ball
3-2: Foul Ball, location: 2F
3-2: Strikes out swinging
Bottom of the 6th over - 0 run(s), 0 hit(s), 0 error(s), 0 left on base; Houston 3 - Calgary 1
TOP OF THE 7TH
Houston Hammertime batting - Pitching for Calgary Cowboys : LHP Takayuki Ine
Batting: RHB Pepe González 0-0: Called Strike
0-1: Ground out 1-3 (Groundball, 13)
Batting: LHB Pat Jones 0-0: Ball
1-0: SOLO HOME RUN (Flyball, 89XD), Distance : 421 ft
Batting: RHB Mario Beltrán 0-0: Called Strike
0-1: Fly out, F3 (Popup, 3)
Batting: RHB Moo-hyun Pak 0-0: Called Strike
0-1: Swinging Strike
0-2: Ball
1-2: Foul Ball, location: 2F
1-2: Ground out 4-3 (Groundball, 4)
Top of the 7th over - 1 run(s), 1 hit(s), 0 error(s), 0 left on base; Houston 4 - Calgary 1
BOTTOM OF THE 7TH
Calgary Cowboys batting - Pitching for Houston Hammertime : LHP Millard Curtis
Batting: LHB Freddy Herrera 0-0: Called Strike
0-1: Foul Ball, location: 2F
0-2: Ball
1-2: Ball
2-2: Ball
3-2: Base on Balls
Batting: RHB Luis Peña 0-0: Ball
1-0: Ball
2-0: Swinging Strike
2-1: Swinging Strike
2-2: Foul Ball, location: 2F
2-2: Strikes out swinging
Batting: RHB Tom Yarbrough 0-0: Ball
Freddy Herrera is caught stealing 2nd base
1-0: Ground out 1-3 (Groundball, 13S)
Bottom of the 7th over - 0 run(s), 0 hit(s), 0 error(s), 0 left on base; Houston 4 - Calgary 1
TOP OF THE 8TH
Houston Hammertime batting - Pitching for Calgary Cowboys : LHP Takayuki Ine
Batting: LHB Bartolo Villanueva 0-0: Ball
1-0: Foul Ball, location: 2F
1-1: Foul Ball, location: 2F
1-2: Ball
2-2: Foul Ball, location: 2F
2-2: Strikes out swinging
Batting: LHB José Villegas 0-0: Ball
1-0: Fly out, F9 (Line Drive, 9S)
Batting: RHB Arturo Rodríguez 0-0: Ball
1-0: Ball
2-0: Called Strike
2-1: Swinging Strike
2-2: Foul Ball, location: 2F
2-2: Ball
3-2: SOLO HOME RUN (Flyball, 8RXD), Distance : 427 ft
Batting: LHB Fernando Camacho 0-0: Foul Ball, location: 2F
0-1: Reached on error, E4 (Groundball, 34)
Batting: RHB Santo Cruz 0-0: Swinging Strike
0-1: Called Strike
0-2: Ground out 6-3 (Groundball, 56)
Top of the 8th over - 1 run(s), 1 hit(s), 1 error(s), 1 left on base; Houston 5 - Calgary 1
BOTTOM OF THE 8TH
Calgary Cowboys batting - Pitching for Houston Hammertime : LHP Millard Curtis
Batting: RHB Clark Hodge 0-0: Ball
1-0: Fly out, F6 (Popup, 6M)
Batting: RHB Dan Wyatt 0-0: Swinging Strike
0-1: Called Strike
0-2: Strikes out swinging
Batting: LHB Terry Maloney 0-0: Swinging Strike
0-1: Called Strike
0-2: Ball
1-2: Ball
2-2: Ball
3-2: Foul Ball, location: 2F
3-2: Base on Balls
Batting: LHB Miguel Pérez 0-0: Ball
1-0: Ground out U3 (Groundball, 3)
Bottom of the 8th over - 0 run(s), 0 hit(s), 0 error(s), 1 left on base; Houston 5 - Calgary 1
TOP OF THE 9TH
Houston Hammertime batting - Pitching for Calgary Cowboys : LHP Takayuki Ine
Pitching: RHP Bert Killick
Batting: RHB Pepe González 0-0: Ball
1-0: Ball
2-0: Ball
3-0: Called Strike
3-1: Ground out 5-3 (Groundball, 5L)
Batting: LHB Pat Jones 0-0: Ball
1-0: Called Strike
1-1: Ball
2-1: Ball
3-1: Called Strike
3-2: SOLO HOME RUN (Flyball, 9D), Distance : 374 ft
Batting: RHB Mario Beltrán 0-0: Called Strike
0-1: SINGLE (Groundball, 34D)
Batting: RHB Moo-hyun Pak 0-0: Called Strike
0-1: Called Strike
0-2: Foul Ball, location: 2F
0-2: Ball
1-2: Ball
2-2: Ball
Single, Error in OF, E8, batter to second base
Mario Beltrán to third
Batting: LHB Bartolo Villanueva 0-0: Ball
1-0: Foul Ball, location: 2F
1-1: Fly out, F7 (Flyball, 7M)
Batting: LHB José Villegas 0-0: Called Strike
0-1: Foul Ball, location: 2F
0-2: Strikes out swinging
Top of the 9th over - 1 run(s), 3 hit(s), 1 error(s), 2 left on base; Houston 6 - Calgary 1
BOTTOM OF THE 9TH
Calgary Cowboys batting - Pitching for Houston Hammertime : LHP Millard Curtis
Pitching: RHP Robert Powers
Now at 1B: Domingo Matos
Now in LF: Dan Mason
Now in CF: Pedro Meza
Now in RF: Enrique Valentín
Batting: RHB Ramón Martínez 0-0: Swinging Strike
0-1: Called Strike
0-2: Strikes out swinging
Batting: RHB Shayne Burry 0-0: Called Strike
0-1: Ball
1-1: Swinging Strike
1-2: Ball
2-2: Foul Ball, location: 2F
2-2: Foul Ball, location: 2F
2-2: Ball
3-2: Strikes out swinging
Batting: LHB Freddy Herrera 0-0: Ball
1-0: Called Strike
1-1: Ball
2-1: Ball
3-1: Fly out, F8 (Flyball, 78M)
Bottom of the 9th over - 0 run(s), 0 hit(s), 0 error(s), 0 left on base; Houston 6 - Calgary 1
Monday, December 5th, 2016 - OOTP Baseball 17.12 Build 75